 Dungeon Crawl Stone Soup version 0.16.1-4-g8e1b745 (console) character file.

56 gw the Ducker (level 4, -2/24 HPs)
             Began as a Kobold Wizard on Mar 27, 2015.
             Slain by a worm (4 damage)
             ... on level 2 of the Dungeon.
             The game lasted 00:02:46 (2468 turns).

gw the Ducker (Kobold Wizard)                       Turns: 2468, Time: 00:02:46

Health: -2/24      AC:  2    Str:  5    XL:     4   Next: 15%
Magic:  0/9        EV: 16    Int: 19    God:
Gold:   52         SH:  0    Dex: 14    Spells: 2 memorised, 6 levels left

rFire  . . .     SeeInvis .     b - +2 dagger
rCold  . . .     Clarity  .     a - +0 robe
rNeg   . . .     SustAb   .     (no shield)
rPois  .         Gourm    .     e - +0 hat
rElec  .         Spirit   .     (no cloak)
rCorr  .         Warding  .     (no gloves)
rMut   .         Stasis   .     (no boots)
MR     .....                    (no amulet)
Stlth  ++........               (no ring)
                                (no ring)

@: not resistant to hostile enchantments, unstealthy
A: blurry vision 1, carnivore 3, clever 1, placid magic 1
a: no special abilities


You were on level 2 of the Dungeon.
You were very full.

You visited 1 branch of the dungeon, and saw 2 of its levels.

You collected 52 gold pieces.

Inventory:

Hand weapons
 b - a +2 dagger (weapon)
Missiles
 l - 79 stones (quivered)
Armour
 a - a +0 robe (worn)
 e - a +0 hat (worn)
Scrolls
 f - a scroll of amnesia {unknown}
 g - a scroll of remove curse
 h - 2 scrolls of identify
 j - a scroll of immolation {unknown}
 k - a scroll of fog {unknown}
Potions
 i - a potion of might {unknown}
 m - 2 potions of lignification {unknown}
Books
 c - a book of Minor Magic

   Spells                             Type                      Level
   a - Magic Dart                     Conjuration                  1
   b - Blink                          Translocation                2
   c - Call Imp                       Summoning                    2
   d - Repel Missiles                 Charms/Air                   2
   e - Slow                           Hexes                        2
   f - Conjure Flame                  Conjuration/Fire             3
   g - Mephitic Cloud                 Conjuration/Poison/Air       3
Comestibles
 d - 2 meat rations


   Skills:
 + Level 0.9 Fighting
 + Level 1.8 Short Blades
 + Level 3.4 Dodging
 - Level 2.6 Stealth
 + Level 3.2 Spellcasting
 - Level 0.8 Conjurations
 * Level 1.8 Summonings
   Level 1.0 Translocations


You had 6 spell levels left.
You knew the following spells:

 Your Spells              Type           Power        Failure   Level  Hunger
a - Magic Dart            Conj           #...         5%          1    None
b - Call Imp              Summ           #.......     5%          2    ##.....


Dungeon Overview and Level Annotations

Branches:
Dungeon (2/15)

Altars:


Innate Abilities, Weirdness & Mutations

You are small and have problems with some larger weapons.
You are carnivorous and can eat meat at any time.
Scrolls take you a little longer to read.
Your mind is acute. (Int +2)
Your spells are a little easier to cast, but a little less powerful.


Message History

Attempting RANGED ATTACK TO (-2,0) Throwing (i - inventory):
l - 80 stones (quivered)
Press: ? - help, Shift-Dir - straight line, f/p - worm
Aim: a worm (almost dead)
You throw a stone.
The stone hits the worm but does no damage.
The worm is almost dead.
Unknown command.
Unknown command.
Unknown command.
Unknown command.
Casting: Magic Dart
Confirm with . or Enter, or press ? or * to list all spells.
Aiming: Magic Dart
Press: ? - help, Shift-Dir - straight line, f/p - worm
Aim: a worm (almost dead)
The magic dart hits the worm.
The worm is almost dead.
The worm bites you.
You die...

##.##...................####
#.#...(........<..##...#...
#........................##
##.................###.####
#....(...........###......
#................##.......
####............###.......
###(.........####..)....
#....(wK................
#....############.......
#.#### #....... #.# ##......
#.# ####### #.# #.# #.# #.#


You could see a worm.

Table legend:
 A = Turns spent in this place as a percentage of turns spent in the entire game.
 B = Non-inter-level travel turns spent in this place as a percentage of non-inter-level travel turns spent in the entire game.
 C = Inter-level travel turns spent in this place as a percentage of turns spent in this place.
 D = Turns resting spent in this place as a percentage of non-inter-level travel turns spent in this place.
 E = Turns spent auto-exploring this place as a percentage of non-inter-level travel turns spent in this place.
 F = Non-inter-level travel turns spent in this place divided by the number of levels of this place that you've seen.
                   A       B       C       D       E      F
               +-------+-------+-------+-------+-------+----------------------
         Total | 100.0 | 100.0 |   1.2 |   2.8 |   1.9 | 1589.0
       Dungeon | 100.0 | 100.0 |   1.2 |   2.8 |   1.9 | 1589.0
               +-------+-------+-------+-------+-------+----------------------

Table legend:
 A = Kills in this place as a percentage of kills in entire the game.
 B = Kills by you in this place as a percentage of kills by you in the entire game.
 C = Kills by friends in this place as a percentage of kills by friends in the entire game.
 D = Other kills in this place as a percentage of other kills in the entire game.
 E = Experience gained in this place as a percentage of experience gained in the entire game.
 F = Experience gained in this place divided by the number of levels of this place that you have seen.
                   A       B       C       D       E      F
               +-------+-------+-------+-------+-------+----------------------
         Total | 100.0 | 100.0 |  -nan |  -nan | 100.0 |  40.0
       Dungeon | 100.0 | 100.0 |  -nan |  -nan | 100.0 |  40.0
               +-------+-------+-------+-------+-------+----------------------

Vanquished Creatures
  An adder (D:2)
  2 worms (D:2)
  3 giant geckos
  7 hobgoblins
  7 kobolds
  2 bats
  4 giant newts
  3 goblins
  2 quokkas (D:2)
  5 rats
36 creatures vanquished.

Notes
Turn   | Place    | Note
--------------------------------------------------------------
     0 | D:1      | gw, the Kobold Wizard, began the quest for the Orb.
     0 | D:1      | Reached XP level 1. HP: 10/10 MP: 4/4
   171 | D:1      | Reached XP level 2. HP: 16/16 MP: 0/6
   225 | D:1      | Reached skill level 1 in Short Blades
   252 | D:1      | Learned a level 2 spell: Call Imp
   985 | D:1      | Gained mutation: Scrolls take you a little longer to read. [potion of mutation]
   985 | D:1      | Gained mutation: Your spells are a little easier to cast, but a little less powerful. [potion of mutation]
   985 | D:1      | Gained mutation: Your mind is acute. (Int +2) [potion of mutation]
  1204 | D:2      | Reached XP level 3. HP: 20/20 MP: 4/8
  2052 | D:2      | Reached XP level 4. HP: 24/24 MP: 0/9
  2463 | D:2      | HP: 1/24 [worm (9)]
  2468 | D:2      | Slain by a worm

Action                   |  1- 3 |  4- 6 || total
-------------------------+-------+-------++-------
Melee: Dagger            |    16 |    12 ||    28
Throw: Stone             |    26 |    11 ||    37
 Cast: Magic Dart        |   104 |    31 ||   135
       Call Imp          |     1 |       ||     1
  Use: Scroll            |     6 |       ||     6
       Potion            |     2 |       ||     2
  Eat: Chunk             |    12 |       ||    12

Vault maps used:
D:1:      ncdulo_halloftheorcs
D:2:      serial_curves, eino_curves_03, eino_curves_03, first_bread,
          uniq_crazy_yiuf_cottage
